 Dungeon Crawl Stone Soup version 0.20-a0-1101-g1de9d76 (webtiles) character file.

349 Duffy the Chopper (level 6, -2/33 HPs)
             Began as a Vine Stalker Monk on May 4, 2017.
             Killed from afar by an orc wizard (7 damage)
             ... with a magic dart
             ... on level 4 of the Dungeon on May 5, 2017.
             The game lasted 00:04:23 (2655 turns).

Duffy the Chopper (Vine Stalker Monk)               Turns: 2655, Time: 00:04:24

Health: -2/33      AC: 13    Str: 15    XL:     6   Next: 60%
Magic:  0/7        EV:  5    Int: 10    God:
Gold:   92         SH:  0    Dex: 17    Spells: 5/5 levels left

rFire    . . .     SeeInvis .   l - +0 war axe
rCold    . . .     Gourm    .   (no shield)
rNeg     . . .     Faith    .   j - +0 plate armour
rPois    .         Spirit   +   r - +2 hat
rElec    .         Reflect  .   (no cloak)
rCorr    .         Harm     .   (no gloves)
MR       .....                  (no boots)
Stlth    ..........             (no amulet)
Regen    0.6/turn               f - ring of loudness (curse)
MPRegen  0.1/turn               (no ring)

@: no status effects
A: fangs 2, regeneration 1, magic shield, antimagic bite, no potion heal 3, rot
immunity
a: no special abilities


You were on level 4 of the Dungeon.
You were not hungry.

You visited 1 branch of the dungeon, and saw 4 of its levels.

You collected 92 gold pieces.

Inventory:

Hand Weapons
 a - a +0 hand axe
 l - a +0 war axe (weapon)
 t - a +1 flail of crushing
 u - a +1 hand axe of holy wrath
Missiles
 w - a throwing net (quivered)
Armour
 j - a +0 plate armour (worn)
 r - a +2 hat (worn)
Jewellery
 f - a cursed ring of loudness (left hand)
Scrolls
 b - a scroll of blinking {unknown}
 e - 2 scrolls of identify {unknown}
 i - 2 scrolls of immolation {unknown}
 k - a scroll of teleportation {unknown}
 n - a scroll of amnesia {unknown}
 o - a scroll of remove curse {unknown}
Potions
 g - a potion of heal wounds
 h - a potion of resistance {unknown}
 p - a potion of mutation {unknown}
 q - a potion of flight {unknown}
 v - a potion of might {unknown}
Comestibles
 c - 5 bread rations
 d - a meat ration
 s - 11 chunks of flesh
 x - a royal jelly


   Skills:
 + Level 3.7 Fighting
 * Level 5.1 Axes
 - Level 2.5 Armour
 - Level 2.4 Dodging
 - Level 2.4 Stealth


You had 5 spell levels left.
You didn't know any spells.

Dungeon Overview and Level Annotations

Branches:
Dungeon (4/15)
 Temple: D:4-7

Altars:
Ru

Annotations:
D:3 theAP's ghost, amateur MiFi


Innate Abilities, Weirdness & Mutations

You have extremely sharp teeth.
Your natural rate of healing is unusually fast.
When hurt, damage is shared between your health and your magic reserves.
Your bite disrupts and absorbs the magic of your enemies.
Potions cannot restore your health.
You are immune to rotting.


Message History

You are lethally poisoned!
The orc wizard barely misses you.
You slash the orc wizard!
You kill the orc wizard!
You hit the orc wizard but do no damage.
You feel very sick.
The orc wizard hits you but does no damage.
You hit the orc wizard.
The orc wizard is severely wounded.
You feel sick. The orc wizard barely misses you.
The orc wizard hits you but does no damage.
Your system rejects the healing.
You feel better.
The orc wizard hits you but does no damage. x2
You closely miss the orc wizard.
The orc wizard is severely wounded.
The orc wizard points at you and mumbles some strange words.
The magic dart hits you!
The orc wizard points at you and mumbles some strange words.
The magic dart hits you!
You die...

...0......##
#.........#
#.........#
#........#
#........#
#........##
#.........#
#..)o......
#.)@)......
###########


You could see an orc wizard.

Vanquished Creatures
  An orc priest (D:3)
  Jessica (D:3)
  4 orc wizards
  A worker ant (D:2)
  6 adders
  An ooze (D:1)
  4 worms
  2 dart slugs
  A leopard gecko (D:2)
  11 orcs
  7 giant cockroaches
  7 goblins
  9 hobgoblins
  9 bats
  A frilled lizard (D:1)
  14 kobolds
  4 rats
83 creatures vanquished.

Notes
Turn   | Place    | Note
-------+----------+-------------------------------------------
     0 | D:1      | Duffy the Vine Stalker Monk began the quest for the Orb.
     0 | D:1      | Reached XP level 1. HP: 11/11 MP: 2/2
   276 | D:1      | Reached skill level 3 in Axes
   283 | D:1      | Reached XP level 2. HP: 11/16 MP: 1/3
   912 | D:1      | Reached XP level 3. HP: 19/19 MP: 4/4
  1019 | D:2      | Found a sacrificial altar of Ru.
  1161 | D:2      | Reached skill level 1 in Armour
  1678 | D:2      | Gained mutation: Your natural rate of healing is unusually fast. [Vine Stalker growth]
  1678 | D:2      | Reached XP level 4. HP: 23/23 MP: 5/5
  2034 | D:2      | You fall through a shaft for 2 floors!
  2250 | D:2      | Reached XP level 5. HP: 26/28 MP: 6/6
  2283 | D:3      | Reached skill level 4 in Axes
  2447 | D:3      | Reached XP level 6. HP: 28/32 MP: 7/7
  2475 | D:3      | Noticed theAP's ghost (amateur MiFi)
  2553 | D:3      | Noticed Jessica
  2564 | D:3      | Killed Jessica
  2639 | D:4      | Reached skill level 5 in Axes
  2655 | D:4      | Killed from afar by an orc wizard

Vault maps used:
D:1:      lightli_arrival_boilingwater
D:2:      first_bread, hangedman_feature_mirror, nicolae_ru_sacrificial_ziggurat
D:3:      serial_bayou_ford_a, grunt_ministairs_3, uniq_jessica
D:4:      amethyst_overflow_temple_binary

Skill      XL: |  1  2  3  4  5  6 |
---------------+-------------------+-----
Axes           | 3 4 5 |  5.1
Armour         | 1 2 |  2.5
Fighting       | 3 |  3.7
Dodging        | |  2.4
Stealth        | |  2.4

Action                   |  1- 3 |  4- 6 || total
-------------------------+-------+-------++-------
Melee: Hand axe          |    54 |       ||    54
       Bite              |    23 |    46 ||    69
       War axe           |    42 |   153 ||   195
  Use: Potion            |       |     2 ||     2
  Eat: Chunk             |     2 |     4 ||     6
Armor: Robe              |     5 |       ||     5
       Plate armour      |    38 |   179 ||   217
Dodge: Dodged            |    37 |    53 ||    90
